AoeStats
← psigemo

Arabia

509134837Analyzed
1v1 RM · 7d ago on Sep 25, 2026· 33m 52s· 2 players
Game mode
Random Map
Map size
Tiny (2 player)
Population
200
Speed
Normal
Resources
Standard
Victory
Conquest
Starting age
Dark Age
Ending age
Imperial Age
RankedLock teamsTeams togetherTeam positionsShared explorationLock speedFull tech treeHidden civsTurbo modeCheats
Victory
Defeat
🇨🇴 Mongols · Colombia
1001
+17
🇹🇷 Poles · Türkiye
1018
-17
psigemo
5:18 Loom
10:17 Feudal Age
10:44 Horse Collar
11:05 Double-Bit Axe
11:51 Man-at-Arms
13:07 Arson
14:22 Scale Mail Armor
21:31 Castle Age
20:40 Forging
20:36 Scale Barding Armor
21:55 Wheelbarrow
22:27 Bloodlines
22:17 Husbandry
22:50 Bow Saw
23:03 Chain Barding Armor
23:36 Gold Mining
31:05 Iron Casting
33:19 Town Watch
34:07 Hand Cart
HakanKo4699
10:14 Feudal Age
10:51 Double-Bit Axe
10:48 Horse Collar
11:54 Bloodlines
13:38 Loom
14:26 Forging
14:41 Scale Barding Armor
18:08 Wheelbarrow
19:46 Scale Mail Armor
19:11 Man-at-Arms
22:56 Castle Age
21:32 Gold Mining
23:43 Heavy Plow
23:54 Bow Saw
26:17 Pikeman
27:04 Scale Mail Armor
28:45 Light Cavalry
31:07 Hand Cart
Connection lost

Rejoining the realm…

Still unreachable

The connection could not be restored.

Session expired

The server has moved on; the page needs a fresh start.